 Dungeon Crawl Stone Soup version 0.26.1-2-gb8aa6d0cf2 (webtiles) character file.

Game seed: 10105876024286613864

137 Ladykiller69 the Chopper (level 5, -5/47 HPs)
             Began as a Hill Orc Fighter on Mar 27, 2021.
             Killed by nerve-wracking pain
             ... invoked by Grinder
              (12 damage)
             ... on level 3 of the Dungeon.
             The game lasted 00:04:38 (2448 turns).

Ladykiller69 the Chopper (Hill Orc Fighter)         Turns: 2448, Time: 00:04:39

Health: -5/47      AC: 10    Str: 20    XL:     5   Next: 20%
Magic:  5/5        EV:  5    Int:  8    God:
Gold:   98         SH:  9    Dex: 10    Spells: 4/4 levels left

rFire    . . .     SeeInvis .   a - +0 war axe
rCold    . . .     Faith    .   c - +0 kite shield
rNeg     . . .     Spirit   .   j - +0 chain mail
rPois    .         Reflect  .   p - +0 helmet
rElec    .         Harm     .   (no cloak)
rCorr    .         Rampage  .   (no gloves)
Will     .....                  (no boots)
Stlth    ..........             (no amulet)
HPRegen  0.15/turn              (no ring)
MPRegen  0.09/turn              (no ring)

@: no status effects
A: no striking features
a: no special abilities


You were on level 3 of the Dungeon.
You visited 1 branch of the dungeon, and saw 3 of its levels.

You collected 98 gold pieces.

Inventory:

Hand Weapons
 a - a +0 war axe (weapon)
Armour
 c - a +0 kite shield (worn)
 j - a +0 chain mail (worn)
 p - a +0 helmet (worn)
Scrolls
 b - a scroll of teleportation {unknown}
 e - a scroll of noise {unknown}
 h - 2 scrolls of enchant weapon {unknown}
 i - 4 scrolls of identify {unknown}
 k - 4 scrolls of remove curse {unknown}
Potions
 d - 2 potions of might
 f - a potion of berserk rage {unknown}
 g - a potion of lignification {unknown}
 l - a potion of heal wounds {unknown}
 m - a potion of flight {unknown}
 n - a potion of curing {unknown}
 o - a potion of attraction {unknown}


   Skills:
 + Level 4.4 Fighting
 * Level 4.8 Axes
 + Level 4.0 Armour
 + Level 4.0 Shields


You had 4 spell levels left.
You didn't know any spells.
Your spell library was empty.

Dungeon Overview and Level Annotations

Branches:
Dungeon (3/15)

Altars:

Annotations:
D:3 Grinder


Message History

You closely miss Grinder.
Grinder is moderately wounded.
Grinder gestures at you. Pain shoots through your body!
You closely miss Grinder.
Grinder is moderately wounded.
Grinder gestures at you. Pain shoots through your body!
You closely miss Grinder.
Grinder is moderately wounded.
Grinder gestures at you. Pain shoots through your body!
* * * LOW HITPOINT WARNING * * *
Grinder hits you.
* * * LOW HITPOINT WARNING * * *
You writhe in agony.
* * * LOW HITPOINT WARNING * * *
Grinder gestures at you. Pain shoots through your body!
You die...

#.#.#
#.#.#
#.#.#
#.#.#
#.#.#
#.#.#
##[#.#
#.<@.#
#5##.#
#.##.#
#.##.#
#.##.#
#.##.#
#.....
.....#
#..###


You could see Grinder.

Vanquished Creatures
  A scorpion (D:2)
  Robin (D:2)
  2 adders (D:2)
  An ooze (D:2)
  2 worms (D:2)
  2 leopard geckos
  An orc (D:2)
  8 bats
  2 giant cockroaches (D:1)
  6 hobgoblins
  2 jackals (D:1)
  7 kobolds
  A quokka (D:3)
  2 frilled lizards
  8 goblins
  4 rats
50 creatures vanquished.

Notes
Turn   | Place    | Note
-------+----------+-------------------------------------------
     0 | D:1      | Ladykiller69 the Hill Orc Fighter began the quest for the
                  | Orb.
     0 | D:1      | Reached XP level 1. HP: 19/19 MP: 1/1
   252 | D:1      | Reached XP level 2. HP: 26/27 MP: 2/2
   640 | D:1      | Reached XP level 3. HP: 33/33 MP: 3/3
  1424 | D:2      | Noticed a scorpion
  1436 | D:2      | Killed a scorpion
  1437 | D:2      | Reached XP level 4. HP: 36/40 MP: 4/4
  1868 | D:3      | Noticed Grinder
  1888 | D:2      | Reached XP level 5. HP: 26/47 MP: 5/5
  2286 | D:3      | Noticed Robin
  2301 | D:2      | Killed Robin
  2436 | D:3      | Paralysed by Grinder for 2 turns
  2440 | D:3      | Paralysed by Grinder for 5 turns
  2448 | D:3      | Killed from afar by Grinder

Illustrated notes

Levels and vault maps discovered:
D:1:      dpeg_arrival_pits, layout_loops_cross, grunt_decor_cap
D:2:      layout_loops_corners
D:3:      minmay_roachtagon, layout_loops_ring,
          chequers_ecumenical_altar_simple, lemuel_altar_in_water, uniq_grinder,
          uniq_robin

Skill      XL: |  1  2  3  4 |
---------------+-------------+-----
Axes           | 3 4 |  4.8
Fighting       | 4 |  4.4
Shields        | 4 |  4.0
Armour         | 4 |  4.0

Action                   |  1- 3 |  4- 6 || total
-------------------------+-------+-------++-------
Melee: War axe           |    95 |    63 ||   158
Armor: Scale mail        |     3 |       ||     3
       Chain mail        |    65 |    36 ||   101
Dodge: Dodged            |    18 |    13 ||    31
Block: Kite shield       |    43 |    40 ||    83
